 Dungeon Crawl Stone Soup version 0.29-a0-275-g389c0b56f3 (webtiles) character file.

Game seed: 8546887064031960713

823 kae the Insei (level 7, -9/68 HPs)
             Began as a Purple Draconian Transmuter on Mar 10, 2022.
             Mangled by a two-headed ogre
             ... wielding a +0 giant spiked club
              (36 damage)
             ... on level 5 of the Dungeon.
             The game lasted 00:03:02 (5368 turns).

kae the Insei (Purple Draconian Transmuter)         Turns: 5368, Time: 00:03:03

Health: -9/68      AC:  6    Str: 18    XL:     7   Next: 64%
Magic:  5/12       EV: 14    Int: 15    God:
Gold:   189        SH:  0    Dex: 12    Spells: 5/13 levels left

rFire   x . .      SeeInvis .     - Unarmed
rCold   + + +      Faith    .   (shield currently unavailable)
rNeg    . . .      Spirit   .   (body armour unavailable)
rPois   +          Reflect  .   (helmet currently unavailable)
rElec   .          Harm     .   (cloak currently unavailable)
rCorr   .          Rampage  .   (gloves currently unavailable)
Will    +....                   (boots currently unavailable)
Stlth   +.........              (no amulet)
HPRegen 0.21/turn               f - +4 ring of evasion
MPRegen 0.13/turn               h - +6 ring of strength

@: ice-form
A: freezing attack, amphibious, boosted hp, (breathe power), AC +6, large,
unfitting armour, (cold-blooded)
a: End Transformation


You were on level 5 of the Dungeon.
You were a creature of crystalline ice.
You visited 1 branch of the dungeon, and saw 5 of its levels.

You collected 189 gold pieces.

Inventory:

Armour
 q - a +0 pair of gloves (melded)
 r - a +2 cloak (melded)
Jewellery
 d - a ring of protection from cold
 f - a +4 ring of evasion (left front paw)
 h - a +6 ring of strength (right front paw)
 k - a +4 ring of evasion
 l - a ring of willpower
 p - a +4 ring of evasion
Wands
 c - a wand of iceblast (10)
 i - a wand of flame (22)
Scrolls
 a - a scroll of amnesia
 g - a scroll of immolation
 j - a scroll of noise
 m - a scroll of teleportation
 s - a scroll of enchant armour
Potions
 b - a potion of haste
 e - 2 potions of curing
 n - a potion of invisibility {unknown}
 o - a potion of mutation {unknown}
 t - a potion of brilliance {unknown}


   Skills:
 + Level 3.0 Fighting
 + Level 3.1 Dodging
 * Level 5.0 Unarmed Combat
 + Level 3.9 Spellcasting
 * Level 4.5 Transmutations
 * Level 2.9 Ice Magic
 - Level 2.0 Poison Magic


You had 5 spell levels left.
You knew the following spells:

 Your Spells              Type           Power      Damage    Failure   Level
a - Beastly Appendage     Tmut           32%        N/A       2%          1
b - Spider Form           Tmut/Pois      12%        N/A       14%         3
c - Ice Form              Ice/Tmut       14%        N/A       36%         4

Your spell library contained the following spells:

 Spells                   Type           Power      Damage    Failure   Level
 Wereblood                Tmut           16%        N/A       4%          2
 Gell's Gravitas          Tloc           2%         N/A       50%         3
 Lesser Beckoning         Tloc           2%         N/A       50%         3
 Teleport Other           Tloc           2%         N/A       50%         3
 Dispersal                Tloc           1%         N/A       100%        6


Dungeon Overview and Level Annotations

Branches:
Dungeon (5/15)
 Temple: D:4-7

Altars:
Dithmenos
Makhleb
Vehumet

Shops:
D:5 :


Innate Abilities, Weirdness & Mutations

You are a creature of crystalline ice.
You have a powerful freezing melee attack.
You are amphibious.
Your maximum health is increased.
Your armour is entirely melded.
You are incapable of wielding weapons or throwing items.
((You can breathe bolts of dispelling energy.))
((Your rich purple scales are hard. (AC +6)))
You cannot fit into any form of body armour.
((You are cold-blooded and may be slowed by cold attacks.))


Message History

There is an open door here.
A two-headed ogre comes into view.
It is wielding two +0 giant spiked clubs.
A two-headed ogre is nearby!
A two-headed ogre is nearby!
A two-headed ogre is nearby!
Casting: Spider Form (dangerous; 14% risk of failure)
Confirm with . or Enter, or press ? or * to list all spells.
The spell is quite dangerous to miscast (36% risk of failure)!
Continue anyway? [Y]es or [N]o only, please.
The spell is quite dangerous to miscast (36% risk of failure)!
Continue anyway?
You miscast Ice Form.
You are very lightly contaminated with residual magic.
Nothing appears to happen.
Casting: Ice Form (quite dangerous; 36% risk of failure)
Confirm with . or Enter, or press ? or * to list all spells.
The spell is quite dangerous to miscast (36% risk of failure)!
Continue anyway? [Y]es or [N]o only, please.
The spell is quite dangerous to miscast (36% risk of failure)!
Continue anyway?
You turn into a creature of crystalline ice.
Your +2 cloak melds into your body.
Your +0 pair of gloves melds into your body.
There is an open door here.
You hit the two-headed ogre. You freeze the two-headed ogre.
The two-headed ogre is lightly wounded.
You punch the two-headed ogre! You freeze the two-headed ogre.
The two-headed ogre is heavily wounded.
The two-headed ogre hits you with a +0 giant spiked club!!
The two-headed ogre closely misses you.
You hit the two-headed ogre. You freeze the two-headed ogre.
The two-headed ogre is heavily wounded.
The two-headed ogre hits you with a +0 giant spiked club!
The two-headed ogre closely misses you.
Your magical contamination has completely faded away.
You pummel the two-headed ogre!! You freeze the two-headed ogre.
The two-headed ogre is almost dead.
You hit the two-headed ogre. You freeze the two-headed ogre.
The two-headed ogre is almost dead.
The two-headed ogre hits you with a +0 giant spiked club!!!
Ouch! That really hurt!
You die...

.........+......# #.....#...
####.....#......####+###.....#...
#######......+.....##.....#...
#......##....##.....####
#########............... .......
#....##..)......
#......##..^.##.........
#......#......#.........
......OY......#.........
.......#......#.........
.......##....#########.. #......
#....# ##'# #...... #....'. #...
.?..... .....#.. #... .......
.....#.. #... ....... ....# #...
#...


You could see a two-headed ogre.

Vanquished Creatures
  Duvessa (D:4)
  A water moccasin (D:5)
  A centaur (D:5)
  A phantom (D:3)
  A bullfrog (D:4)
  2 scorpions (D:5)
  Dowan (D:4)
  A crimson imp (D:3)
  A hound (D:4)
  6 adders
  3 gnolls (D:4)
  A shadow imp (D:5)
  2 worms
  A dart slug (D:2)
  7 orcs
  4 bats
  7 endoplasms
  8 goblins
  6 hobgoblins
  3 jackals (D:3)
  4 quokkas
  3 ball pythons
  6 frilled lizards
  7 kobolds
  4 rats
82 creatures vanquished.

Vanquished Creatures (others)
  10 plants (D:1)
10 creatures vanquished.

Grand Total: 92 creatures vanquished

Notes
Turn   | Place    | Note
-------+----------+-------------------------------------------
     0 | D:1      | kae the Draconian Transmuter began the quest for the Orb.
     0 | D:1      | Reached XP level 1. HP: 16/16 MP: 3/3
    51 | D:1      | Found a faded altar of an unknown god.
   474 | D:1      | Reached XP level 2. HP: 23/23 MP: 3/5
  1218 | D:2      | Reached XP level 3. HP: 28/28 MP: 6/6
  1222 | D:2      | Learned a level 3 spell: Spider Form
  2326 | D:3      | Noticed a phantom
  2357 | D:3      | Killed a phantom
  2358 | D:3      | Reached skill level 1 in Poison Magic
  2358 | D:3      | Reached XP level 4. HP: 10/36 MP: 2/7
  2358 | D:3      | Reached XP level 5. HP: 11/41 MP: 2/8
  2619 | D:3      | Learned a level 4 spell: Ice Form
  2854 | D:3      | Found a faded altar of an unknown god.
  2874 | D:3      | Found a shadowy altar of Dithmenos.
  3201 | D:3      | Found a burning altar of Makhleb.
  3201 | D:3      | Found a radiant altar of Vehumet.
  3409 | D:4      | Reached skill level 4 in Unarmed Combat
  3409 | D:4      | Reached skill level 1 in Ice Magic
  3538 | D:4      | Reached XP level 6. HP: 45/48 MP: 5/9
  3987 | D:4      | Noticed Dowan
  3990 | D:4      | Noticed Duvessa
  4002 | D:4      | Killed Duvessa
  4003 | D:4      | Killed Dowan
  4557 | D:5      | Entered Level 5 of the Dungeon
  4559 | D:5      | Found Exyara's Book Shop.
  4579 | D:5      | Your scales start taking on a rich purple colour.
  4579 | D:5      | Reached XP level 7. HP: 56/56 MP: 8/12
  5041 | D:5      | Reached skill level 5 in Unarmed Combat
  5358 | D:5      | Noticed a two-headed ogre
  5368 | D:5      | Mangled by a two-headed ogre

Illustrated notes

Levels and vault maps discovered:
D:1:      matt_arrival_diagonals, layout_basic,
          ebering_ecumenical_altar_sacrificial, lexackson_kobold_supper
D:2:      layout_basic, minmay_misc_feat_diagonals
D:3:      layout_loops_ring, grunt_temple_overflow_lords_of_destruction,
          nicolae_overflow_ecumenical_swirl
D:4:      layout_cave_pools, uniq_duvessa
D:5:      layout_gridville, serial_shops, shop

Skill      XL: |  1  2  3  4  5  6  7 |
---------------+----------------------+-----
Dodging        | 2 3 |  3.1
Transmutations | 3 4 |  4.5
Poison Magic   | 1 2 |  2.0
Fighting       | 2 3 |  3.0
Unarmed Combat | 4 5 |  5.0
Ice Magic      | 1 2 |  2.9
Spellcasting   | 3 |  3.9

Action                   |  1- 3 |  4- 6 |  7- 9 || total
-------------------------+-------+-------+-------++-------
Melee: Unarmed           |   137 |   114 |    34 ||   285
       Headbutt          |     6 |     7 |       ||    13
       Kick              |    14 |     6 |       ||    20
       Tailslap          |    11 |     6 |     2 ||    19
       Punch             |     2 |     1 |     1 ||     4
 Cast: Beastly Appendage |    17 |     8 |       ||    25
       Spider Form       |     4 |     9 |     4 ||    17
       Ice Form          |       |       |     1 ||     1
Evoke: Wand              |       |     1 |       ||     1
  Use: Scroll            |     3 |     6 |       ||     9
       Potion            |     3 |     1 |       ||     4
 Stab: Sleeping          |       |     1 |       ||     1
Armor: Skin              |    37 |    13 |     5 ||    55
Dodge: Dodged            |    79 |    94 |    40 ||   213

Table legend: (Time is in decaauts)
 A = Elapsed time spent in this place.
 B = Non-inter-level travel time spent in this place.
 C = Inter-level travel time spent in this place.
 D = Time resting spent in this place.
 E = Time spent auto-exploring this place.
 F = Levels seen in this place.
 G = Mean time per level.
                   A        B        C        D        E       F      G
               +--------+--------+--------+--------+--------+-----+--------+
         Total |   5350 |   5274 |     76 |    329 |   4194 |   5 | 1070.0 |
       Dungeon |   5350 |   5274 |     76 |    329 |   4194 |   5 | 1070.0 |
               +--------+--------+--------+--------+--------+-----+--------+

Top non-repeatable levels by time:
     D:3: 1370 daAuts
     D:1: 1063 daAuts
     D:2: 1058 daAuts
     D:4: 1051 daAuts
     D:5: 806 daAuts
